AoeStats
← I'm AOE2 Noob

Arena

507967296Analyzed
4v4 RM · 11d ago on Sep 20, 2026· 61m 21s· 8 players
Game mode
Random Map
Map size
Large (8 player)
Population
200
Speed
Normal
Resources
Standard
Victory
Conquest
Starting age
Dark Age
Ending age
Imperial Age
RankedLock teamsTeams togetherTeam positionsShared explorationLock speedFull tech treeHidden civsTurbo modeCheats
Victory
Defeat
🇨🇳 Celts · China
1760
+10
🇨🇳 Spanish · China
1641
+14
🇨🇳 Magyars · China
1595
+16
🇨🇳 Jurchens · China
1593
+16
🇨🇳 Georgians · China
1668
-16
🇨🇳 Turks · China
1600
-14
🇹🇼 Persians · Taiwan
1578
-13
🇨🇳 Inca · China
1572
-13
Haosbot
10:11 Feudal Age
15:12 Castle Age
13:49 Horse Collar
14:01 Double-Bit Axe
14:20 Horse Collar
17:56 Bow Saw
19:07 Heavy Plow
22:21 Wheelbarrow
21:32 Loom
22:38 Gold Mining
29:32 Imperial Age
28:00 Bloodlines
27:50 Husbandry
28:51 Scale Barding Armor
29:58 Hand Cart
31:18 Cavalier
33:03 Gold Shaft Mining
32:35 Scale Mail Armor
32:45 Forging
33:36 Chain Barding Armor
34:49 Savar
36:45 Plate Barding Armor
36:20 Forging
37:59 Chemistry
38:16 Padded Archer Armor
38:52 Iron Casting
tim.13
9:00 Feudal Age
14:31 Castle Age
12:20 Double-Bit Axe
12:22 Horse Collar
14:41 Wheelbarrow
16:41 Bow Saw
21:02 Gold Mining
21:49 Hand Cart
22:30 Stone Mining
28:01 Imperial Age
25:30 Guard Tower
25:33 Fletching
26:33 Stone Shaft Mining
26:10 Bodkin Arrow
26:57 Heavy Plow
26:58 Loom
27:03 Town Watch
28:06 Ballistics
28:26 Scale Barding Armor
29:04 Bracer
29:13 Svan Towers
29:28 Conscription
30:12 Chemistry
30:08 Chain Barding Armor
29:37 Arrowslits
29:36 Treadmill Crane
29:54 Murder Holes
30:04 Elite Monaspa
31:28 Bloodlines
32:08 Plate Barding Armor
32:06 Forging
33:38 Keep
33:16 Masonry
33:36 Husbandry
35:00 Iron Casting
34:19 Capped Ram
34:57 Onager
37:17 Blast Furnace
37:57 Fortified Wall
37:53 Siege Engineers
38:28 Siege Ram
43:51 Aznauri Cavalry
58:34 Siege Onager
不西西
10:27 Feudal Age
14:10 Castle Age
12:18 Double-Bit Axe
13:34 Champi Runner
15:30 Horse Collar
16:23 Champi Warrior
18:14 Gold Mining
21:18 Bow Saw
23:45 Wheelbarrow
24:08 Loom
24:16 Fletching
24:54 Sanctity
30:25 Imperial Age
28:15 Heavy Plow
28:42 Ballistics
29:00 Bodkin Arrow
29:06 Padded Archer Armor
29:03 Elite Skirmisher
31:10 Bracer
31:17 Thumb Ring
32:50 Leather Archer Armor
52:15 Pikeman
52:55 Squires
57:24 Chemistry
Bo Zhi Shang
10:40 Feudal Age
12:57 Double-Bit Axe
15:15 Castle Age
13:07 Horse Collar
15:08 Wheelbarrow
14:26 Gold Mining
17:06 Bow Saw
23:44 Imperial Age
24:39 Padded Archer Armor
35:04 Heavy Plow
35:40 Fletching
36:05 Leather Archer Armor
36:31 Loom
37:36 Parthian Tactics
38:32 Bodkin Arrow
39:08 Ring Archer Armor
39:16 Bloodlines
39:07 Husbandry
39:40 Bracer
40:04 Conscription
40:32 Thumb Ring
41:13 Sipahi
42:15 Heavy Cavalry Archer
44:49 Husbandry
44:58 Scale Barding Armor
45:04 Forging
45:58 Ballistics
46:16 Hand Cart
47:40 Chain Barding Armor
49:25 Plate Barding Armor
49:26 Iron Casting
51:38 Coinage
52:56 Banking
Izumi Yuki
10:56 Feudal Age
14:24 Castle Age
12:51 Double-Bit Axe
16:01 Loom
22:35 Fervor
22:48 Horse Collar
26:08 Bow Saw
27:54 Padded Archer Armor
29:56 Leather Archer Armor
30:12 Heavy Plow
31:04 Wheelbarrow
30:15 Town Watch
32:35 Hand Cart
36:02 Imperial Age
34:14 Sanctity
34:35 Bloodlines
34:36 Husbandry
34:55 Forging
34:50 Scale Barding Armor
37:25 Iron Casting
37:10 Chain Barding Armor
36:28 Cavalier
38:50 Chemistry
38:39 Plate Barding Armor
37:52 Paladin
40:08 Blast Furnace
39:50 Fletching
41:06 Gold Mining
41:17 Capped Ram
43:05 Bodkin Arrow
45:36 Conscription
46:49 Guilds
47:14 Coinage
48:01 Two-Man Saw
48:29 Banking
49:28 Supremacy
48:35 Siege Ram
50:22 Hoardings
50:38 Caravan
51:56 Town Patrol
52:49 Sappers
54:02 Guilds
54:10 Fortified Wall
54:10 Masonry
54:21 Ballistics
56:29 Bracer
57:00 Ring Archer Armor
56:30 Scale Mail Armor
59:45 Chain Mail Armor
爱炸房的鳄鱼
10:27 Feudal Age
15:16 Castle Age
13:32 Double-Bit Axe
13:51 Horse Collar
18:01 Gold Mining
18:04 Loom
23:18 Wheelbarrow
23:22 Sanctity
31:04 Imperial Age
31:31 Heavy Plow
31:43 Bow Saw
31:40 Light Cavalry
35:12 Bloodlines
35:09 Scale Barding Armor
38:00 Husbandry
39:53 Chain Barding Armor
40:59 Hussar
45:19 Plate Barding Armor
52:36 Hand Cart
52:19 Cavalier
53:49 Paladin
55:54 Stone Mining
57:36 Crop Rotation
58:23 Conscription
58:04 Recurve Bow
58:05 Corvinian Army
60:44 Treadmill Crane
慕华花繁
10:54 Feudal Age
14:28 Castle Age
12:14 Double-Bit Axe
12:56 Horse Collar
15:24 Bow Saw
15:14 Heavy Plow
22:48 Loom
23:38 Wheelbarrow
22:48 Town Watch
23:47 Gold Mining
23:47 Stone Mining
25:13 Hand Cart
24:43 Town Watch
26:06 Gold Shaft Mining
26:06 Stone Shaft Mining
28:58 Imperial Age
26:22 Treadmill Crane
27:21 Scale Mail Armor
27:58 Forging
27:28 Pikeman
28:16 Arson
28:48 Chain Mail Armor
29:18 Iron Casting
29:00 Halberdier
29:04 Capped Ram
30:22 Plate Mail Armor
30:11 Furor Celtica
30:51 Siege Engineers
31:25 Conscription
32:11 Blast Furnace
31:25 Guilds
31:21 Siege Ram
33:31 Chemistry
32:51 Ballistics
33:05 Heavy Scorpion
34:44 Fletching
35:37 Masonry
35:37 Fortified Wall
35:38 Bodkin Arrow
35:36 Stronghold
37:19 Onager
I'm AOE2 Noob
11:25 Feudal Age
12:22 Double-Bit Axe
12:55 Horse Collar
15:16 Castle Age
15:01 Wheelbarrow
16:17 Bow Saw
16:08 Heavy Plow
22:55 Gold Mining
24:09 Hand Cart
25:10 Gold Shaft Mining
24:26 Stone Mining
29:00 Imperial Age
27:24 Fletching
27:55 Ballistics
28:22 Bodkin Arrow
28:27 Padded Archer Armor
28:15 Treadmill Crane
29:00 Heavy Cavalry Archer
29:42 Bracer
29:58 Leather Archer Armor
30:44 Chemistry
29:05 Crossbowman
30:58 Bloodlines
30:48 Husbandry
32:27 Ring Archer Armor
31:47 Light Cavalry
33:57 Capped Ram
34:50 Siege Ram
36:46 Siege Engineers
36:51 Masonry
38:32 Conscription
38:26 Hussar
42:40 Stone Shaft Mining
41:33 Siege Ram
42:52 Architecture
44:15 Scale Barding Armor
44:21 Forging
47:45 Chain Barding Armor
48:01 Iron Casting
46:54 Crossbowman
48:42 Coinage
48:13 Caravan
50:34 Plate Barding Armor
54:37 Crop Rotation
56:37 Guilds
56:57 Banking
58:51 Guard Tower
58:47 Arrowslits
59:13 Fortified Wall
60:31 Keep
Connection lost

Rejoining the realm…

Still unreachable

The connection could not be restored.

Session expired

The server has moved on; the page needs a fresh start.